TOP OF THE 1ST |
Bellevue Bruins batting - Pitching for Idaho Falls Chukars : LHP Carlos Barajas
|
Pitching: LHP Carlos Barajas
|
|
Batting: RHB Leo Shoemaker
|
0-0: Fly out, F8 (Flyball, 8LXD)
|
Batting: RHB Nick Hoskins
|
0-0: Swinging Strike 0-1: Ball 1-1: Bunt missed! 1-2: Ball 2-2: Foul Ball, location: 2F 2-2: Ball 3-2: Foul Ball, location: 2F 3-2: Fly out, F4 (Line Drive, 4)
|
Batting: RHB Gary Chalmers
|
0-0: Fly out, F8 (Flyball, 8RM)
|
Top of the 1st over - 0 run(s), 0 hit(s), 0 error(s), 0 left on base; Bellevue 0 - Idaho Falls 0 |
BOTTOM OF THE 1ST |
Idaho Falls Chukars batting - Pitching for Bellevue Bruins : LHP Magnus Scheving
|
Pitching: LHP Magnus Scheving
|
|
Batting: LHB Roberto Soto
|
0-0: Ball 1-0: Ball 2-0: Foul Ball, location: 2F 2-1: Fly out, F8 (Flyball, 8LM)
|
Batting: RHB Fernando Granados
|
0-0: Ball 1-0: Called Strike 1-1: Swinging Strike 1-2: Foul Ball, location: 2F 1-2: Ball 2-2: Ball 3-2: Base on Balls
|
Batting: SHB Pablo Coloa
|
0-0: Ball 1-0: SINGLE (Line Drive, 78M) Fernando Granados to second
|
Batting: RHB Adrian Rodgers
|
0-0: Ball 1-0: Called Strike 1-1: Foul Ball, location: 2F 1-2: Strikes out swinging
|
Batting: RHB Michael Bradshaw
|
0-0: Called Strike 0-1: Ball 1-1: Called Strike 1-2: Strikes out swinging
|
Bottom of the 1st over - 0 run(s), 1 hit(s), 0 error(s), 2 left on base; Bellevue 0 - Idaho Falls 0 |
TOP OF THE 2ND |
Bellevue Bruins batting - Pitching for Idaho Falls Chukars : LHP Carlos Barajas
|
Batting: LHB Chia-ch'ing Dodman
|
0-0: Called Strike 0-1: Ball 1-1: Called Strike 1-2: DOUBLE (Popup, 4D)
|
Batting: LHB Jim Schlossnagle
|
0-0: Swinging Strike 0-1: Ball 1-1: Ball 2-1: Swinging Strike 2-2: Strikes out looking
|
Batting: RHB Edgar González
|
0-0: Ball 1-0: Fly out, F8 (Flyball, 8RM)
|
Batting: SHB Ramón García
|
0-0: Ground out 6-3 (Groundball, 6)
|
Top of the 2nd over - 0 run(s), 1 hit(s), 0 error(s), 1 left on base; Bellevue 0 - Idaho Falls 0 |
BOTTOM OF THE 2ND |
Idaho Falls Chukars batting - Pitching for Bellevue Bruins : LHP Magnus Scheving
|
Batting: RHB Scott Ramsey
|
0-0: Called Strike 0-1: Ball 1-1: Foul Ball, location: 2F 1-2: Foul Ball, location: 2F 1-2: Ball 2-2: Ball 3-2: Base on Balls
|
Batting: RHB Vicente Cruz
|
0-0: Called Strike 0-1: Ball 1-1: Fly out, F7 (Line Drive, 7M)
|
Batting: SHB Félix Medina
|
0-0: Called Strike 0-1: Foul Ball, location: 2F 0-2: Foul Ball, location: 2F 0-2: Foul Ball, location: 2F 0-2: Ball 1-2: Ball 2-2: Fly out, F7 (Flyball, 78M)
|
Batting: RHB Christian Gentry
|
0-0: Ball 1-0: Ground out 5-3 (Groundball, 5)
|
Bottom of the 2nd over - 0 run(s), 0 hit(s), 0 error(s), 1 left on base; Bellevue 0 - Idaho Falls 0 |
TOP OF THE 3RD |
Bellevue Bruins batting - Pitching for Idaho Falls Chukars : LHP Carlos Barajas
|
Batting: RHB Mark Bishop
|
0-0: Ball 1-0: Ball 2-0: Foul Ball, location: 2F 2-1: Ball 3-1: Base on Balls
|
Batting: LHB José Barrón
|
0-0: Ball 1-0: Fielders Choice at 2nd, 1-6 (Groundball, 15)
|
Batting: RHB Leo Shoemaker
|
0-0: Ball 1-0: Ground out 5-3 (Groundball, 5S) José Barrón to second
|
Batting: RHB Nick Hoskins
|
0-0: Ball 1-0: Fly out, F9 (Line Drive, 9M)
|
Top of the 3rd over - 0 run(s), 0 hit(s), 0 error(s), 1 left on base; Bellevue 0 - Idaho Falls 0 |
BOTTOM OF THE 3RD |
Idaho Falls Chukars batting - Pitching for Bellevue Bruins : LHP Magnus Scheving
|
Batting: LHB Roberto Soto
|
0-0: Ball 1-0: SINGLE (Groundball, 56D)
|
Batting: RHB Fernando Granados
|
0-0: SINGLE (Groundball, 6MD) Roberto Soto to second Runner from 2nd tries for 3rd, SAFE, throw made to third Fernando Granados to second
|
Batting: SHB Pablo Coloa
|
0-0: Ground out 1-3 (Groundball, 13)
|
Batting: RHB Adrian Rodgers
|
0-0: Ball 1-0: Ball 2-0: Foul Ball, location: 2F 2-1: Foul Ball, location: 2F 2-2: Ball 3-2: Foul Ball, location: 2F 3-2: Ground out U3 (Groundball, 3S)
|
Batting: RHB Michael Bradshaw
|
0-0: Foul Ball, location: 2F 0-1: Fly out, F8 (Flyball, 8RM)
|
Bottom of the 3rd over - 0 run(s), 2 hit(s), 0 error(s), 2 left on base; Bellevue 0 - Idaho Falls 0 |
TOP OF THE 4TH |
Bellevue Bruins batting - Pitching for Idaho Falls Chukars : LHP Carlos Barajas
|
Batting: RHB Gary Chalmers
|
0-0: Called Strike 0-1: Ground out 4-3 (Groundball, 4)
|
Batting: LHB Chia-ch'ing Dodman
|
0-0: Ball 1-0: Foul Ball, location: 2F 1-1: SINGLE (Groundball, 13) (infield hit)
|
Batting: LHB Jim Schlossnagle
|
0-0: Ball 1-0: Ball 2-0: Foul Ball, location: 2F 2-1: Swinging Strike 2-2: Foul Ball, location: 2F 2-2: Foul Ball, location: 2F 2-2: Strikes out swinging
|
Batting: RHB Edgar González
|
0-0: Ball 1-0: Foul Ball, location: 2F 1-1: Ball 2-1: Foul Ball, location: 2F 2-2: DOUBLE (Line Drive, 5D) Chia-ch'ing Dodman to third Runner from 3rd tries for Home, SAFE, no throw or cutoff
|
Batting: SHB Ramón García
|
0-0: Swinging Strike 0-1: Ball 1-1: Swinging Strike 1-2: Ball 2-2: Foul Ball, location: 2F 2-2: Foul Ball, location: 2F 2-2: Strikes out swinging
|
Top of the 4th over - 1 run(s), 2 hit(s), 0 error(s), 1 left on base; Bellevue 1 - Idaho Falls 0 |
BOTTOM OF THE 4TH |
Idaho Falls Chukars batting - Pitching for Bellevue Bruins : LHP Magnus Scheving
|
Batting: RHB Scott Ramsey
|
0-0: Ball 1-0: Called Strike 1-1: Ball 2-1: Foul Ball, location: 2F 2-2: TRIPLE (Flyball, 9LM)
|
Batting: RHB Vicente Cruz
|
0-0: Called Strike 0-1: Called Strike 0-2: Fly out, F8 (Flyball, 8LM) Runner from 3rd tags up, SCORES, throw made
|
Batting: SHB Félix Medina
|
0-0: Ball 1-0: Swinging Strike 1-1: Ground out 5-3 (Groundball, 5L)
|
Batting: RHB Christian Gentry
|
0-0: Fly out, F8 (Line Drive, 78M)
|
Bottom of the 4th over - 1 run(s), 1 hit(s), 0 error(s), 0 left on base; Bellevue 1 - Idaho Falls 1 |
TOP OF THE 5TH |
Bellevue Bruins batting - Pitching for Idaho Falls Chukars : LHP Carlos Barajas
|
Batting: RHB Mark Bishop
|
0-0: Ball 1-0: Foul Ball, location: 2F 1-1: Foul Ball, location: 2F 1-2: Foul Ball, location: 2F 1-2: Ball 2-2: DOUBLE (Line Drive, 7LM)
|
Batting: LHB José Barrón
|
0-0: Ball 1-0: Called Strike 1-1: Ground out 4-3 (Groundball, 4M) Mark Bishop to third
|
Batting: RHB Leo Shoemaker
|
0-0: Intentional Walk
|
Batting: RHB Nick Hoskins
|
0-0: Ball 1-0: Called Strike 1-1: Fly out, F2 (Popup, 2LF)
|
Batting: RHB Gary Chalmers
|
0-0: Ball 1-0: Foul Ball, location: 2F 1-1: Ball 2-1: Fly out, F3 (Popup, 3L)
|
Top of the 5th over - 0 run(s), 1 hit(s), 0 error(s), 2 left on base; Bellevue 1 - Idaho Falls 1 |
BOTTOM OF THE 5TH |
Idaho Falls Chukars batting - Pitching for Bellevue Bruins : LHP Magnus Scheving
|
Batting: LHB Roberto Soto
|
0-0: Foul Ball, location: 2F 0-1: Swinging Strike 0-2: Ball 1-2: Strikes out swinging
|
Batting: RHB Fernando Granados
|
0-0: Fly out, F8 (Line Drive, 8LM)
|
Batting: SHB Pablo Coloa
|
0-0: SINGLE (Line Drive, 8LS)
|
Batting: RHB Adrian Rodgers
|
0-0: Ball 1-0: Foul Ball, location: 2F 1-1: Fly out, F7 (Flyball, 7M)
|
Bottom of the 5th over - 0 run(s), 1 hit(s), 0 error(s), 1 left on base; Bellevue 1 - Idaho Falls 1 |
TOP OF THE 6TH |
Bellevue Bruins batting - Pitching for Idaho Falls Chukars : LHP Carlos Barajas
|
Batting: LHB Chia-ch'ing Dodman
|
0-0: SINGLE (Line Drive, 34D)
|
Batting: LHB Jim Schlossnagle
|
0-0: Called Strike 0-1: Swinging Strike 0-2: Strikes out swinging
|
Pitching: RHP Rick Kennedy
|
|
Batting: RHB Edgar González
|
0-0: Fly out, F9 (Popup, 3D)
|
Batting: SHB Ramón García
|
0-0: Called Strike 0-1: Called Strike 0-2: Foul Ball, location: 2F 0-2: Ball 1-2: Fly out, F9 (Flyball, 9LMF)
|
Top of the 6th over - 0 run(s), 1 hit(s), 0 error(s), 1 left on base; Bellevue 1 - Idaho Falls 1 |
BOTTOM OF THE 6TH |
Idaho Falls Chukars batting - Pitching for Bellevue Bruins : LHP Magnus Scheving
|
Batting: RHB Michael Bradshaw
|
0-0: Ball 1-0: Foul Ball, location: 2F 1-1: SINGLE (Line Drive, 34)
|
Batting: RHB Scott Ramsey
|
0-0: Called Strike 0-1: Ball 1-1: Bunted foul 1-2: Ball 2-2: Grounds into double play, 5-4-3 (Groundball, 5)
|
Batting: RHB Vicente Cruz
|
0-0: Ball 1-0: Ball 2-0: Foul Ball, location: 2F 2-1: Ball 3-1: Called Strike 3-2: Foul Ball, location: 2F 3-2: Foul Ball, location: 2F 3-2: DOUBLE (Flyball, 89XD)
|
Pitching: RHP Will Moore
|
|
Batting: SHB Félix Medina
|
0-0: Fly out, F5 (Popup, 5SF)
|
Bottom of the 6th over - 0 run(s), 2 hit(s), 0 error(s), 1 left on base; Bellevue 1 - Idaho Falls 1 |
TOP OF THE 7TH |
Bellevue Bruins batting - Pitching for Idaho Falls Chukars : RHP Rick Kennedy
|
Pinch Hitting: RHB Jesús Vargas
|
0-0: Ball 1-0: SINGLE (Line Drive, 6D)
|
Batting: LHB José Barrón
|
0-0: Ball 1-0: SINGLE (Groundball, 4MD) Jesús Vargas to second
|
Batting: RHB Leo Shoemaker
|
0-0: Ball 1-0: Foul Ball, location: 2F 1-1: Ball 2-1: Ground out 5-3 (Groundball, 56) Jesús Vargas to third José Barrón to second
|
Pinch Hitting: LHB Orlando López
|
0-0: Called Strike 0-1: Fly out, F5 (Popup, 5SF)
|
Batting: RHB Gary Chalmers
|
0-0: Intentional Walk
|
Batting: LHB Chia-ch'ing Dodman
|
0-0: SINGLE (Flyball, 89S) Jesús Vargas scores José Barrón to third Gary Chalmers to second Runner from 3rd tries for Home, SAFE, no throw or cutoff
|
Batting: LHB Jim Schlossnagle
|
0-0: Called Strike 0-1: Ball 1-1: Swinging Strike 1-2: Ball 2-2: SINGLE (Line Drive, 9S) Gary Chalmers to third Chia-ch'ing Dodman to second Runner from 3rd tries for Home, SAFE, throw made home Chia-ch'ing Dodman to third Jim Schlossnagle to second
|
Pitching: RHP José Ramírez
|
|
Batting: RHB Edgar González
|
0-0: Ball 1-0: Ball 2-0: Swinging Strike 2-1: Ball 3-1: Base on Balls
|
Batting: SHB Ramón García
|
0-0: Fly out, F7 (Flyball, 7M)
|
Top of the 7th over - 3 run(s), 4 hit(s), 0 error(s), 3 left on base; Bellevue 4 - Idaho Falls 1 |
BOTTOM OF THE 7TH |
Idaho Falls Chukars batting - Pitching for Bellevue Bruins : RHP Will Moore
|
Now at 1B: Jesús Rodríguez
|
|
Now at 2B: Orlando López
|
|
Batting: RHB Christian Gentry
|
0-0: Called Strike 0-1: Foul Ball, location: 2F 0-2: Strikes out swinging
|
Batting: LHB Roberto Soto
|
0-0: Called Strike 0-1: Called Strike 0-2: Ball 1-2: Strikes out swinging
|
Batting: RHB Fernando Granados
|
0-0: DOUBLE (Line Drive, 89M)
|
Batting: SHB Pablo Coloa
|
0-0: Ball 1-0: Foul Ball, location: 2F 1-1: Swinging Strike 1-2: Ball 2-2: Strikes out swinging
|
Bottom of the 7th over - 0 run(s), 1 hit(s), 0 error(s), 1 left on base; Bellevue 4 - Idaho Falls 1 |
TOP OF THE 8TH |
Bellevue Bruins batting - Pitching for Idaho Falls Chukars : RHP José Ramírez
|
Batting: SHB Jesús Rodríguez
|
0-0: Called Strike 0-1: Called Strike 0-2: Ball 1-2: Ball 2-2: Foul Ball, location: 2F 2-2: Ball 3-2: Ground out U3 (Groundball, 3L)
|
Batting: LHB José Barrón
|
0-0: Ball 1-0: Ball 2-0: Called Strike 2-1: Foul Ball, location: 2F 2-2: Foul Ball, location: 2F 2-2: Foul Ball, location: 2F 2-2: Strikes out swinging
|
Batting: RHB Leo Shoemaker
|
0-0: Ball 1-0: Ball 2-0: Swinging Strike 2-1: Foul Ball, location: 2F 2-2: Strikes out swinging
|
Top of the 8th over - 0 run(s), 0 hit(s), 0 error(s), 0 left on base; Bellevue 4 - Idaho Falls 1 |
BOTTOM OF THE 8TH |
Idaho Falls Chukars batting - Pitching for Bellevue Bruins : RHP Will Moore
|
Batting: RHB Adrian Rodgers
|
0-0: Ball 1-0: Ball 2-0: Called Strike 2-1: Foul Ball, location: 2F 2-2: Ball 3-2: DOUBLE (Line Drive, 9LS)
|
Batting: RHB Michael Bradshaw
|
0-0: Ball 1-0: Called Strike 1-1: Ball 2-1: Fly out, F9 (Flyball, 89S)
|
Batting: RHB Scott Ramsey
|
0-0: Ball 1-0: Ball 2-0: Called Strike 2-1: Foul Ball, location: 2F 2-2: Foul Ball, location: 2F 2-2: Ball 3-2: Strikes out looking
|
Batting: RHB Vicente Cruz
|
0-0: Ball 1-0: Ball 2-0: Swinging Strike 2-1: Ground out 5-3 (Groundball, 56)
|
Bottom of the 8th over - 0 run(s), 1 hit(s), 0 error(s), 1 left on base; Bellevue 4 - Idaho Falls 1 |
TOP OF THE 9TH |
Bellevue Bruins batting - Pitching for Idaho Falls Chukars : RHP José Ramírez
|
Pitching: RHP Jim Unknown
|
|
Batting: LHB Orlando López
|
0-0: Ball 1-0: Ball 2-0: Foul Ball, location: 2F 2-1: Ball 3-1: Fly out, F9 (Flyball, 9LM)
|
Batting: RHB Gary Chalmers
|
0-0: Ball 1-0: Called Strike 1-1: Ball 2-1: Swinging Strike 2-2: Strikes out looking
|
Batting: LHB Chia-ch'ing Dodman
|
0-0: Called Strike 0-1: Foul Ball, location: 2F 0-2: Foul Ball, location: 2F 0-2: Ball 1-2: Strikes out looking
|
Top of the 9th over - 0 run(s), 0 hit(s), 0 error(s), 0 left on base; Bellevue 4 - Idaho Falls 1 |
BOTTOM OF THE 9TH |
Idaho Falls Chukars batting - Pitching for Bellevue Bruins : RHP Will Moore
|
Pitching: RHP Antoine Ayuso
|
|
Batting: SHB Félix Medina
|
0-0: Ball 1-0: Ball 2-0: Called Strike 2-1: Ball 3-1: SINGLE (Groundball, 3D)
|
Batting: RHB Christian Gentry
|
0-0: Foul Ball, location: 2F 0-1: Ball 1-1: Ball 2-1: Called Strike 2-2: Grounds into double play, 5-4-3 (Groundball, 56)
|
Batting: LHB Roberto Soto
|
0-0: Ball 1-0: Called Strike 1-1: Fly out, F7 (Flyball, 7LM)
|
Bottom of the 9th over - 0 run(s), 1 hit(s), 0 error(s), 0 left on base; Bellevue 4 - Idaho Falls 1 |
|